 Dungeon Crawl Stone Soup version 0.24-a0-169-g71aafec (webtiles) character file.

Game seed: 15528218103602016541

56 silenth the Digger (level 3, 0/19 HPs)
             Began as a Deep Elf Earth Elementalist on Mar 7, 2019.
             Slain by Crazy Yiuf
             ... wielding a +2 quarterstaff of chaos
              (12 damage)
             ... on level 2 of the Dungeon.
             The game lasted 00:02:39 (1246 turns).

silenth the Digger (Deep Elf Earth Elementalist)    Turns: 1246, Time: 00:02:39

Health: 0/19       AC:  2    Str:  5    XL:     3   Next: 71%
Magic:  5/10       EV: 13    Int: 20    God:
Gold:   74         SH:  0    Dex: 15    Spells: 6/9 levels left

rFire    . . .     SeeInvis .   o - +5 dagger (pain)
rCold    . . .     Gourm    .   (no shield)
rNeg     . . .     Faith    .   c - +0 robe
rPois    .         Spirit   .   (no helmet)
rElec    .         Reflect  .   (no cloak)
rCorr    +         Harm     .   (no gloves)
MR       .....     Rnd*Tele +   (no boots)
Stlth    ++........             (no amulet)
HPRegen  0.06/turn              f - ring of teleportation (curse)
MPRegen  0.12/turn              i - ring of resist corrosion

@: hasted, very quick
A: no striking features
a: no special abilities


You were on level 2 of the Dungeon.
You were hungry.

You visited 1 branch of the dungeon, and saw 2 of its levels.

You collected 74 gold pieces.

Inventory:

Hand Weapons
 a - a +0 dagger
 o - a +5 dagger of pain (weapon)
Missiles
 b - 46 stones (quivered)
Armour
 c - a +0 robe (worn)
Jewellery
 f - a cursed ring of teleportation (left hand)
 i - a ring of resist corrosion (right hand)
 m - an uncursed ring of protection from fire {unknown}
Scrolls
 d - a scroll of enchant weapon {unknown}
 j - a scroll of magic mapping {unknown}
 k - 2 scrolls of blinking {unknown}
 l - a scroll of identify {unknown}
 n - a scroll of teleportation {unknown}
Potions
 g - 2 potions of curing
 h - a potion of cancellation {unknown}
Comestibles
 e - 3 rations


   Skills:
 - Level 2.4 Dodging
 - Level 2.4 Stealth
 - Level 3.5 Spellcasting
 - Level 1.1 Transmutations
 * Level 4.9 Earth Magic


You had 6 spell levels left.
You knew the following spells:

 Your Spells              Type           Power        Failure   Level  Hunger
a - Sandblast             Erth           ###...       1%          1    None
b - Passwall              Tmut/Erth      ###.....     6%          2    ##.....

Your spell library contained the following spells:

 Spells                   Type           Power        Failure   Level  Hunger
 Stone Arrow              Conj/Erth      ##....       14%         3    ###....
 Petrify                  Tmut/Erth      ###.....     36%         4    ####...
 Lee's Rapid Deconstruct  Erth           ###.......   43%         5    ######.


Dungeon Overview and Level Annotations

Branches:
Dungeon (2/15)

Altars:

Annotations:
D:2 1 runed translucent door, Crazy Yiuf


Message History

Crazy Yiuf draws strength from your wounds!
Casting: Sandblast (safe; 1% risk of failure)
Confirm with . or Enter, or press ? or * to list all spells.
Aiming: Sandblast (safe; 1% risk of failure)
Press: ? - help, Shift-Dir - straight line, f/p - Crazy Yiuf
Aim: Crazy Yiuf, wielding a +2 quarterstaff of chaos and wearing a +2 cloak (severely wounded)
The blast of sand hits Crazy Yiuf but does no damage.
Crazy Yiuf is severely wounded.
b - 47 stones
Casting: Sandblast (safe; 1% risk of failure)
Confirm with . or Enter, or press ? or * to list all spells.
Aiming: Sandblast (safe; 1% risk of failure)
Press: ? - help, Shift-Dir - straight line, f/p - Crazy Yiuf
Aim: Crazy Yiuf, wielding a +2 quarterstaff of chaos and wearing a +2 cloak (severely wounded)
The blast of sand hits Crazy Yiuf but does no damage.
Crazy Yiuf is severely wounded.
b - 46 stones Crazy Yiuf hits you with a +2 quarterstaff of chaos!
Ouch! That really hurt!
You die...

..........####.# #........# #.#
.###...........####.####### #.#
.# ##...............###########.#
[####.###.#########.............#
.....## ### ###############
....## ###.# ..#.###♣♣ ▒▒▒▒▒
#.#..#..♣♣ ♣♣▒g@)▒
#........♣♣♣♣.+...▒
#.........♣..♣▒...▒
..#.##...♣.♣♣♣▒▒▒▒▒ ###.###♣♣♣♣♣
....# #####


You could see Crazy Yiuf.

Vanquished Creatures
  Jessica (D:2)
  A dart slug (D:1)
  2 bats (D:1)
  6 goblins
  4 hobgoblins
  6 kobolds
  A ball python (D:1)
  A frilled lizard (D:1)
  6 rats
28 creatures vanquished.

Notes
Turn   | Place    | Note
-------+----------+-------------------------------------------
     0 | D:1      | silenth the Deep Elf Earth Elementalist began the quest for
                  | the Orb.
     0 | D:1      | Reached XP level 1. HP: 10/10 MP: 6/6
   141 | D:1      | Reached XP level 2. HP: 15/15 MP: 2/8
   329 | D:1      | Reached skill level 4 in Earth Magic
   334 | D:1      | Learned a level 2 spell: Passwall
   763 | D:2      | Found a runed translucent door.
   764 | D:2      | Noticed Crazy Yiuf
   912 | D:2      | Noticed Jessica
   918 | D:2      | Killed Jessica
   918 | D:2      | Reached XP level 3. HP: 3/19 MP: 7/10
  1246 | D:2      | Slain by Crazy Yiuf

Levels and vault maps discovered:
D:1:      dpeg_arrival_round_c, layout_loops_ring
D:2:      minmay_wonky_spiral, layout_loops_ring, uniq_crazy_yiuf_cottage,
          uniq_jessica

Skill      XL: |  1  2 |
---------------+-------+-----
Earth Magic    | 4 |  4.9
Dodging        | |  2.4
Stealth        | |  2.4
Spellcasting   | |  3.5
Transmutations | |  1.1

Action                   || total
-------------------------++-------
Melee: Dagger            ||     1
 Cast: Sandblast         ||    43
  Use: Potion            ||     1
Armor: Robe              ||     5
Dodge: Dodged            ||     9

Table legend:
 A = Non-vault XP
 B = Vault XP
 C = Vault XP percentage of total XP
 D = Non-vault monster count
 E = Vault monster count
 F = Vault count percentage of total count
                 A         B        C        D         E       F
            +---------+---------+-------+---------+---------+-------
      Total |      44 |      37 |  45.7 |      27 |       1 |   3.6
            +---------+---------+-------+---------+---------+-------
        D:1 |      31 |       0 |   0.0 |      18 |       0 |   0.0
        D:2 |      13 |      37 |  74.0 |       9 |       1 |  10.0
            +---------+---------+-------+---------+---------+-------
